 Dungeon Crawl Stone Soup version 0.29.1-2-gbd0b4ee654 (webtiles) character file.

Game seed: 3329120851110192919

21031 DildoBatman the Geomancer (level 13, -8/91 HPs)
             Began as a Formicid Conjurer on Nov 15, 2022.
             Was an Elder of Kikubaaqudgha.
             Mangled by an orc knight
             ... wielding a +1 war axe of venom
              (22 damage)
             ... on level 2 of the Orcish Mines.
             The game lasted 00:49:21 (11520 turns).

DildoBatman the Geomancer (Formicid Conjurer)      Turns: 11520, Time: 00:49:22

Health: -8/91      AC: 13    Str: 12    XL:     13   Next: 16%
Magic:  2/23       EV: 18    Int: 19    God:    Kikubaaqudgha [****..]
Gold:   1240       SH:  7    Dex: 29    Spells: 10/26 levels left

rFire   . . .      SeeInvis +   a - +7 dagger "Zytim" {vorpal, Dex+7 SInv}
rCold   . . .      Faith    .   G - +0 buckler
rNeg    . . .      Spirit   .   o - +4 troll leather armour {Snorg}
rPois   .          Reflect  .   (helmet unavailable)
rElec   .          Harm     .   Z - +1 cloak {Will+}
rCorr   .          Rampage  .   R - +0 pair of gloves
Will    ++...                   x - +0 pair of boots
Stlth   +++.......              g - amulet of the acrobat
HPRegen 1.05/turn               E - +4 ring of evasion
MPRegen 0.18/turn               s - +6 ring of dexterity

@: lethally poisoned (-8 -> -10)
A: permanent stasis, dig shafts and tunnels, antennae 3, four strong arms,
hooves 1
a: Dig, Shaft Self, Renounce Religion, Unearth Wretches


You were on level 2 of the Orcish Mines.
You worshipped Kikubaaqudgha.
Kikubaaqudgha was greatly pleased with you.
You visited 3 branches of the dungeon, and saw 13 of its levels.

You collected 1240 gold pieces.

Inventory:

Hand Weapons
 a - the +7 dagger "Zytim" (weapon) {vorpal, Dex+7 SInv}
   (You found it on level 4 of the Dungeon)

   It inflicts extra damage upon your enemies.
   Dex:       It affects your dexterity (+7).
   SInv:      It lets you see invisible.
 b - a +0 arbalest
Missiles
 H - 6 throwing nets
Armour
 o - a +4 troll leather armour (worn) {Snorg}
 x - a +0 pair of boots (worn)
 G - a +0 buckler (worn)
 R - a +0 pair of gloves (worn)
 Z - a +1 cloak of willpower (worn)
Magical Staves
 l - a staff of earth
Jewellery
 g - an amulet of the acrobat (around neck)
 n - a ring of protection from fire
 s - a +6 ring of dexterity (right hand)
 E - a +4 ring of evasion (left hand)
Wands
 y - a wand of iceblast (8)
Scrolls
 c - a scroll of vulnerability {unknown}
 d - a scroll of magic mapping {unknown}
 e - 2 scrolls of amnesia {unknown}
 h - a scroll of brand weapon {unknown}
 r - a scroll of poison {unknown}
 v - a scroll of enchant armour
 z - 3 scrolls of identify
 L - 3 scrolls of enchant weapon {unknown}
 Q - 2 scrolls of summoning {unknown}
 S - a scroll of fear {unknown}
 T - a scroll of noise {unknown}
 U - 2 scrolls of blinking {unknown}
 W - 2 scrolls of immolation {unknown}
Potions
 f - a potion of cancellation {unknown}
 i - 7 potions of curing
 k - a potion of flight {unknown}
 q - 3 potions of magic
 t - 2 potions of berserk rage {unknown}
 u - 2 potions of degeneration {unknown}
 w - a potion of haste {unknown}
 A - 2 potions of heal wounds {unknown}
 B - 4 potions of lignification {unknown}
 C - a potion of mutation
 I - 2 potions of invisibility {unknown}
 K - a potion of might {unknown}
 O - 3 potions of ambrosia {unknown}
 V - a potion of brilliance {unknown}
 Y - a potion of resistance


   Skills:
 - Level 5.0 Fighting
 - Level 5.0 Armour
 - Level 3.0 Dodging
 - Level 2.4 Stealth
 - Level 3.0 Shields
 - Level 7.0 Spellcasting
 - Level 6.0 Conjurations
 * Level 11.8 Necromancy
 - Level 6.0 Air Magic
 - Level 12.0 Earth Magic
 - Level 6.0 Poison Magic


You had 10 spell levels left.
You knew the following spells:

 Your Spells              Type           Power      Damage    Failure   Level
a - Borgnjor's Vile Clut  Necr/Erth      25%        N/A       3%          5
b - Magic Dart            Conj           100%       1d8       1%          1
c - Searing Ray           Conj           58%        2d6       1%          2
d - Vampiric Draining     Necr           51%        2d9       1%          3
e - Mephitic Cloud        Conj/Pois/Air  29%        N/A       4%          3
z - Sublimation of Blood  Necr           51%        N/A       1%          2

Your spell library contained the following spells:

 Spells                   Type           Power      Damage    Failure   Level
 Necrotise                Necr           100%       1d9       1%          1
 Agony                    Necr           51%        N/A       3%          5
 Corpse Rot               Necr/Pois/Air  36%        N/A       6%          4
 Dazzling Flash           Conj/Hex       36%        N/A       14%         3
 Spider Form              Tmut/Pois      18%        N/A       14%         3
 Anguish                  Hex/Necr       14%        N/A       14%         4
 Death Channel            Necr           25%        N/A       19%         6
 Call Imp                 Summ           6%         N/A       24%         2
 Ensorcelled Hibernation  Hex/Ice        12%        N/A       24%         2
 Fulminant Prism          Conj/Hex       9%         3d7       41%         4
 Iskenderun's Mystic Bla  Conj/Tloc      18%        2d6       41%         4
 Inner Flame              Hex/Fire       6%         N/A       43%         3
 Cause Fear               Hex            3%         N/A       83%         4
 Simulacrum               Ice/Necr       14%        N/A       91%         6
 Discord                  Hex            3%         N/A       100%        8


Dungeon Overview and Level Annotations

Branches:
Dungeon (10/15)            Temple (1/1) D:5            Lair (0/5) D:9
    Orc (2/2) D:9             Elf (0/3) Orc:2

Altars:
Ashenzari
Cheibriados
Dithmenos
Elyvilon
Fedhas
Gozag
Hepliaklqana
Kikubaaqudgha
Makhleb
Nemelex Xobeh
Okawaru
Qazlal
Ru
Sif Muna
Trog
Uskayaw
Vehumet
Wu Jian
Xom
Yredelemnul
Zin
The Shining One

Shops:
D:5 [   Orc:1 *   Orc:2 (

Annotations:
D:6 1 exclusion
D:8 2 transporters, Ivernyr's ghost, novice NaIE


Innate Abilities, Weirdness & Mutations

You cannot be hasted, slowed, berserked, paralysed or teleported.
You can dig through walls and to a lower floor.
You have a pair of large antennae on your head. (SInv)
Your four strong arms can wield two-handed weapons with a shield.
You have large cloven feet.


Message History

You kill the orc knight!
Kikubaaqudgha accepts your kill.
You start resting.
An orc knight is nearby!
Things that are here:
a +0 scimitar; a +0 chain mail; an orc skeleton
Items here: )))))))) [[[[[[[ ÷÷÷÷ †.
Items here: ( )))))))) [[[[[ ÷ ††.
You start resting.
An orc knight is nearby!
Casting: Borgnjor's Vile Clutch (dangerous; 3% risk of failure)
Confirm with . or Enter, or press ? or * to list all spells.
Aiming: Borgnjor's Vile Clutch (dangerous; 3% risk of failure)
Press: ? - help, Shift-Dir - straight line, f - orc knight
Aim: an orc knight, wielding a +1 war axe of venom and wearing a +0 chain mail (100% to hit)
Zombie hands grab the orc knight.
The zombie hands constrict the orc knight!
The orc knight hits you with a +1 war axe of venom!
You hit the orc knight but do no damage.
The orc knight is lightly wounded.
The zombie hands constrict the orc knight!
The orc knight hits you with a +1 war axe of venom!!
You are poisoned.
You hit the orc knight.
The orc knight is moderately wounded.
The zombie hands constrict the orc knight!
You feel very sick. You block the orc knight's attack.
You hit the orc knight.
The orc knight is heavily wounded.
The zombie hands constrict the orc knight!
You feel very sick. The orc knight closely misses you.
You hit the orc knight.
The orc knight is severely wounded.
The zombie hands constrict the orc knight!
You feel sick.
The orc knight hits you with a +1 war axe of venom!!
You die...
Kikubaaqudgha rasps: "You have failed me!
Welcome... death!"

##.###)###......#
#)#.......##
#'##..).o.##
##......)...#
#...#.##.))##
##.#####.).# ###
##)### ##)#o##
#.))#@# ##.####
###


You could see an orc knight (clutched).

Vanquished Creatures
  An orc warlord (Orc:1)
  Snorg (Orc:1)
  Harold (Orc:1)
  Erolcha (Orc:2)
  Erica (D:10)
  4 two-headed ogres
  A wizard (D:10)
  Pikel (D:5)
  8 orc knights (Orc:2)
  Maurice (D:10)
  A cyclops (D:10)
  2 komodo dragons (D:9)
  2 trolls
  A wraith (D:9)
  A vampire (D:7)
  2 basilisks (D:9)
  A steam dragon (D:9)
  2 humans (D:10)
  A wyvern (D:7)
  Menkaure (D:5)
  Grum (D:8)
  4 wargs
  An acid dragon (D:10)
  2 water moccasins (D:7)
  Duvessa (D:5)
  A black bear (D:5)
  2 ice beasts
  31 orc warriors
  7 ogres
  2 wolves
  A phantom (D:6)
  2 lemures (D:5)
  A kobold brigand (D:10)
  4 bullfrogs
  A gnoll sergeant (D:8)
  A scorpion (D:7)
  2 necrophages
  Dowan (D:5)
  8 killer bees (D:9)
  6 howler monkeys
  4 hounds
  26 orc priests
  2 gnoll boudas
  Natasha (thrice) (D:1)
  4 iguanas
  16 orc wizards
  Robin (D:2)
  17 gnolls
  9 adders
  3 shadow imps
  A white imp (D:5)
  An ufetubus (D:4)
  A worm (D:3)
  58 orcs
  3 ball pythons
  7 endoplasms
  6 giant cockroaches
  14 goblins
  7 hobgoblins
  2 quokkas
  A bat (D:2)
  2 frilled lizards (D:1)
  4 kobolds
  3 rats
308 creatures vanquished.

Vanquished Creatures (collateral kills)
  A killer bee (D:9)
1 creature vanquished.

Vanquished Creatures (others)
  An ogre (D:6)
  A jelly (D:6)
  2 fungi (D:6)
4 creatures vanquished.

Grand Total: 313 creatures vanquished

Notes
Turn   | Place    | Note
-------+----------+-------------------------------------------
     0 | D:1      | DildoBatman the Formicid Conjurer began the quest for the
                  | Orb.
     0 | D:1      | Reached XP level 1. HP: 13/13 MP: 3/3
   325 | D:1      | Reached XP level 2. HP: 16/19 MP: 5/5
   338 | D:1      | Learned a level 2 spell: Searing Ray
   647 | D:2      | Reached XP level 3. HP: 18/24 MP: 0/6
   663 | D:2      | Noticed Natasha
   714 | D:1      | You fall into a shaft and drop 1 floor!
   764 | D:2      | Noticed Robin
   774 | D:2      | You fall into a shaft and drop 2 floors!
  1199 | D:2      | Killed Robin
  1200 | D:2      | Reached XP level 4. HP: 9/30 MP: 2/7
  1232 | D:2      | Reached skill level 5 in Conjurations
  1885 | D:3      | Reached XP level 5. HP: 35/35 MP: 3/8
  1922 | D:3      | Found a faded altar of an unknown god.
  2255 | D:4      | Found an opulent altar of Gozag.
  2255 | D:4      | Found a stormy altar of Qazlal.
  2255 | D:4      | Found a bloodstained altar of Trog.
  2332 | D:4      | Found a hide-covered altar of Uskayaw.
  2337 | D:4      | Found a sparkling altar of Nemelex Xobeh.
  2476 | D:4      | Learned a level 3 spell: Mephitic Cloud
  2552 | D:4      | Identified the +7 dagger "Zytim" {vorpal, Dex+7 SInv}
  2662 | D:4      | Noticed an ogre
  3181 | D:4      | Killed an ogre
  3182 | D:4      | Reached skill level 1 in Fighting
  3182 | D:4      | Reached skill level 1 in Armour
  3182 | D:4      | Reached skill level 1 in Air Magic
  3182 | D:4      | Reached skill level 1 in Poison Magic
  3182 | D:4      | Reached XP level 6. HP: 43/43 MP: 0/9
  3260 | D:5      | Entered Level 5 of the Dungeon
  3262 | D:5      | Noticed Duvessa
  3266 | D:5      | Found a staircase to the Ecumenical Temple.
  3266 | D:5      | Noticed Dowan
  3272 | Temple   | Entered the Ecumenical Temple
  3368 | Temple   | Became a worshipper of Kikubaaqudgha
  3472 | D:1      | Killed Natasha
  3594 | D:1      | Noticed Natasha
  3596 | D:1      | Killed Natasha
  3630 | D:1      | Noticed Natasha
  3634 | D:1      | Killed Natasha
  3729 | D:5      | Noticed a black bear
  3734 | D:5      | Killed a black bear
  3735 | D:5      | Reached XP level 7. HP: 49/49 MP: 1/11
  3952 | D:5      | Killed Dowan
  4029 | D:5      | Noticed Menkaure
  4035 | D:5      | Killed Menkaure
  4127 | D:5      | Found Gophenat's Antique Armour Shop.
  4128 | D:5      | Noticed Pikel
  4181 | D:5      | Reached XP level 8. HP: 52/57 MP: 9/13
  4247 | D:5      | Killed Pikel
  4743 | D:5      | Killed Duvessa
  4830 | D:5      | Reached skill level 5 in Poison Magic
  5099 | D:6      | Reached XP level 9. HP: 63/63 MP: 16/16
  5142 | D:6      | Reached skill level 5 in Spellcasting
  5337 | D:6      | Reached * piety under Kikubaaqudgha
  5337 | D:6      | Received a gift from Kikubaaqudgha
  5908 | D:7      | Noticed a two-headed ogre
  6084 | D:7      | Reached skill level 5 in Air Magic
  6153 | D:7      | Learned a level 2 spell: Sublimation of Blood
  6157 | D:7      | Learned a level 3 spell: Vampiric Draining
  6296 | D:7      | Killed a two-headed ogre
  6297 | D:7      | Reached skill level 1 in Necromancy
  6297 | D:7      | Reached XP level 10. HP: 51/70 MP: 3/20
  6465 | D:8      | Noticed Grum
  6465 | D:8      | Noticed a two-headed ogre
  6471 | D:8      | Killed Grum
  6482 | D:7      | Reached ** piety under Kikubaaqudgha
  6736 | D:8      | Noticed Ivernyr's ghost (novice NaIE)
  6754 | D:8      | Found a transporter.
  6760 | D:8      | Noticed a two-headed ogre
  6771 | D:8      | Killed a two-headed ogre
  6856 | D:8      | Killed a two-headed ogre
  6857 | D:8      | Reached skill level 5 in Fighting
  6857 | D:8      | Reached skill level 5 in Armour
  6881 | D:8      | Reached skill level 5 in Necromancy
  7079 | D:8      | Found a transporter.
  7309 | D:9      | Reached XP level 11. HP: 51/79 MP: 18/21
  7351 | D:9      | Found a staircase to the Orcish Mines.
  7785 | D:9      | Found a staircase to the Lair.
  8033 | Orc:1    | Entered Level 1 of the Orcish Mines
  8102 | Orc:1    | Reached *** piety under Kikubaaqudgha
  8102 | Orc:1    | Received a gift from Kikubaaqudgha
  8109 | Orc:1    | Learned a level 5 spell: Borgnjor's Vile Clutch
  8212 | Orc:1    | Found Zezi's General Store.
  8223 | Orc:1    | Reached skill level 1 in Earth Magic
  8227 | Orc:1    | Noticed Harold
  8245 | Orc:1    | Reached skill level 2 in Earth Magic
  8265 | Orc:1    | Killed Harold
  8266 | Orc:1    | Reached skill level 4 in Earth Magic
  8568 | Orc:2    | Entered Level 2 of the Orcish Mines
  8568 | Orc:2    | Noticed Erolcha
  8568 | Orc:2    | Noticed an orc knight
  8568 | Orc:2    | Noticed an orc knight
  8634 | Orc:2    | Found a staircase to the Elven Halls.
  8658 | Orc:2    | Noticed an orc warlord
  8658 | Orc:2    | Noticed Snorg
  8665 | Orc:2    | HP: 3/79 [orc warrior/+0 trident[an orc warlord] (17)]
  9016 | Orc:1    | Reached skill level 5 in Earth Magic
  9359 | Orc:2    | Killed Erolcha
  9360 | Orc:2    | Reached skill level 6 in Earth Magic
  9625 | Orc:1    | Reached **** piety under Kikubaaqudgha
  9709 | Orc:1    | Killed an orc warlord
  9710 | Orc:1    | Reached skill level 8 in Earth Magic
  9710 | Orc:1    | Reached XP level 12. HP: 77/86 MP: 4/22
  9773 | Orc:1    | Killed Snorg
  9806 | D:9      | Gained mutation: You are robust. (+10% HP) [potion of
                  | mutation]
  9806 | D:9      | Gained mutation: Your flesh is cold resistant. (rC+)
                  | [potion of mutation]
  9807 | D:9      | Lost mutation: You are robust. (+10% HP) [potion of
                  | mutation]
  9807 | D:9      | Lost mutation: Your flesh is cold resistant. (rC+) [potion
                  | of mutation]
  9807 | D:9      | Gained mutation: You do not regenerate when monsters are
                  | visible. [potion of mutation]
  9807 | D:9      | Gained mutation: You passively map a small area around you.
                  | [potion of mutation]
  9808 | D:9      | Lost mutation: You do not regenerate when monsters are
                  | visible. [potion of mutation]
  9808 | D:9      | Lost mutation: You passively map a small area around you.
                  | [potion of mutation]
  9808 | D:9      | Gained mutation: You have large cloven feet. [potion of
                  | mutation]
  9913 | D:10     | Entered Level 10 of the Dungeon
 10017 | D:10     | Reached skill level 9 in Earth Magic
 10107 | D:10     | Noticed a two-headed ogre
 10119 | D:10     | Killed a two-headed ogre
 10149 | D:10     | Noticed Maurice
 10181 | D:10     | Killed Maurice
 10418 | D:10     | Found an iron altar of Okawaru.
 10428 | D:10     | Reached skill level 10 in Earth Magic
 10452 | D:10     | Noticed Erica
 10458 | D:10     | Killed Erica
 10459 | D:10     | Reached skill level 10 in Necromancy
 10503 | D:10     | Found a transporter.
 10542 | D:10     | Found a transporter.
 10546 | D:10     | Found a transporter.
 10546 | D:10     | Found a transporter.
 11075 | Orc:2    | Found Upah's Antique Weapon Emporium.
 11126 | Orc:2    | Reached skill level 11 in Earth Magic
 11349 | Orc:2    | Reached XP level 13. HP: 49/91 MP: 0/23
 11391 | Orc:2    | Reached skill level 12 in Earth Magic
 11520 | Orc:2    | Mangled by an orc knight

Illustrated notes

Levels and vault maps discovered:
D:1:      matt_arrival_grand_opening, layout_basic
D:2:      layout_basic, uniq_robin, uniq_natasha
D:3:      layout_basic, basic_ecumenical_altar, guppyfry_early_lair_pool
D:4:      layout_cave_pods, chequers_temple_overflow_statue_of_worship,
          mainiacjoe_overflow_large_starburst
D:5:      layout_loops_corners, minmay_temple_entry_arrows,
          minmay_shop_grid_forest, uniq_duvessa, uniq_menkaure, uniq_pikel
D:6:      lemuel_ice_spiral_2, layout_basic, dreamdust_gnoll_farm
D:7:      layout_gridville, dk_vineyard_1
D:8:      layout_cave_pools, gammafunk_ghost_stat_death, dk_rats_in_the_wall,
          uniq_grum
D:9:      layout_basic, erik_lair_dragon, david_orc_3
D:10:     wander_river, layout_loops_ring, okawaru_humans, minivault_24,
          nicolae_diode_intersection, uniq_erica, uniq_maurice
Temple:   lightli_temple_of_artemis
Orc:1:    layout_caves, serial_shops, nicolae_diamond_shop,
          nicolae_orc_rockfall, uniq_harold
Orc:2:    st_orc_pillars, layout_caves, serial_shops, shop,
          nicolae_shop_hallway_plus, uniq_erolcha, uniq_snorg

Skill      XL: |  1  2  3  4  5  6  7  8  9 10 11 12 13 |
---------------+----------------------------------------+-----
Conjurations   | 4 5 6 |  6.0
Fighting       | 1 2 3 5 |  5.0
Armour         | 1 2 3 5 |  5.0
Dodging        | 2 3 |  3.0
Air Magic      | 1 2 3 6 |  6.0
Poison Magic   | 1 2 3 5 6 |  6.0
Spellcasting   | 3 4 7 |  7.0
Shields        | 3 |  3.0
Necromancy     | 1 6 9 11 | 11.8
Earth Magic    | 8 11 12 | 12.0
Stealth        | |  2.4

Action                   |  1- 3 |  4- 6 |  7- 9 | 10-12 | 13-15 || total
-------------------------+-------+-------+-------+-------+-------++-------
Melee: Dagger            |    25 |     7 |    86 |   419 |    40 ||   577
 Fire: Sling             |       |    43 |     4 |       |       ||    47
       Arbalest          |       |       |       |    11 |       ||    11
 Cast: Magic Dart        |    16 |    27 |     7 |     6 |       ||    56
       Searing Ray       |     5 |    14 |    29 |    18 |       ||    66
       Mephitic Cloud    |       |     1 |    17 |    78 |     5 ||   101
       Sublimation of Bl |       |       |       |    21 |     4 ||    25
       Borgnjor's Vile C |       |       |       |    39 |     7 ||    46
       Vampiric Draining |       |       |       |     5 |       ||     5
 Abil: Dig               |     2 |       |     1 |     1 |       ||     4
       Shaft Self        |     1 |       |       |       |       ||     1
  Use: Scroll            |       |       |       |     5 |       ||     5
       Potion            |       |       |       |     3 |       ||     3
 Stab: Sleeping          |     1 |       |     2 |     2 |       ||     5
       Distracted        |       |       |     1 |       |       ||     1
       Confused          |       |       |     3 |    60 |     7 ||    70
Armor: Robe              |     2 |       |     5 |    35 |       ||    42
       Troll leather arm |       |       |       |    44 |     4 ||    48
Dodge: Dodged            |    21 |     9 |    62 |   335 |    15 ||   442
Block: Buckler           |       |       |    19 |   148 |     6 ||   173
